[Event "14. Deizisauer Herbstopen 2019"]
[Site "Deizisau"]
[Date "2019.10.27"]
[Round "5.8"]
[White "Mock, Oskar"]
[Black "Gheng, Dominik"]
[Result "0-1"]
[ECO "A05"]
[WhiteElo "1983"]
[BlackElo "2068"]
[Annotator "NA"]
[PlyCount "56"]
[EventDate "2019.10.25"]
[EventType "swiss"]
[EventCountry "GER"]
[SourceTitle "playchess.com"]
[Source "ChessBase"]
[SourceQuality "1"]
[TimeControl "5400+30"]

1. Nf3 Nf6 2. c4 e6 3. g3 d5 4. Bg2 Be7 5. b3 O-O 6. Bb2 c5 7. cxd5 exd5 8. O-O b6 9. d4 Bb7 10. dxc5 bxc5 11. Ne5 Nbd7 12. Nd2 Nxe5 13. Bxe5 Nd7 14. Bb2 Bf6 15. Qc2 Qb6 16. e4 Bxb2 17. Qxb2 Ba6 18. Rfe1 d4 19. e5 Rae8 20. Nf3 Bb7 21. e6 Rxe6 22. Ng5 Rxe1+ 23. Rxe1 Bxg2 24. Kxg2 h6 25. Ne4 Re8 26. Qd2 f5 27. Ng5 Rxe1 28. Qxe1 hxg5 0-1

[Event "14. Deizisauer Herbstopen 2019"]
[Site "Deizisau"]
[Date "2019.10.27"]
[Round "5.9"]
[White "Reimche, Vadim"]
[Black "Heck, Nils"]
[Result "1-0"]
[ECO "D86"]
[WhiteElo "2080"]
[BlackElo "1999"]
[Annotator "NA"]
[PlyCount "63"]
[EventDate "2019.10.25"]
[EventType "swiss"]
[EventCountry "GER"]
[SourceTitle "playchess.com"]
[Source "ChessBase"]
[SourceQuality "1"]
[TimeControl "5400+30"]

1. d4 Nf6 2. c4 g6 3. Nc3 d5 4. cxd5 Nxd5 5. e4 Nxc3 6. bxc3 Bg7 7. Bc4 c5 8. Ne2 Nc6 9. Be3 O-O 10. O-O Bg4 11. f3 Bd7 12. Rc1 Qc7 13. Qd2 Rad8 14. Rfd1 Na5 15. Bd3 Ba4 16. Re1 b6 17. Qb2 Qd7 18. Rb1 e5 19. d5 f5 20. c4 Qe7 21. Bd2 fxe4 22. fxe4 Bd7 23. Qa3 Qh4 24. Qc1 Bh3 25. Ng3 Bxg2 26. Bg5 Qh3 27. Bxd8 Rxd8 28. Rb2 Bf3 29. Rf2 Bg4 30. Qg5 Bf3 31. Qc1 Bh6 32. Qc3 1-0

[Event "14. Deizisauer Herbstopen 2019"]
[Site "Deizisau"]
[Date "2019.10.28"]
[Round "6.1"]
[White "Gheng, Josef"]
[Black "Dgebuadze, Alexandre"]
[Result "0-1"]
[ECO "A04"]
[WhiteElo "2190"]
[BlackElo "2472"]
[Annotator "RC"]
[PlyCount "98"]
[EventDate "2019.10.25"]
[EventType "swiss"]
[EventCountry "GER"]
[SourceTitle "playchess.com"]
[Source "ChessBase"]
[SourceQuality "1"]
[TimeControl "5400+30"]

1. Nf3 d6 2. c4 g6 3. g3 Bg7 4. Bg2 e5 5. Nc3 Ne7 6. d4 Nd7 7. O-O O-O 8. dxe5 dxe5 9. Bg5 h6 10. Bd2 c6 11. Ne4 f5 12. Nd6 e4 13. Ne1 Kh7 14. Qc2 Nc5 15. Nxc8 Nxc8 16. Rd1 Qe7 17. Bb4 a5 18. Ba3 b6 19. Qc1 Nd6 20. b3 a4 21. b4 Ncb7 22. f3 Rad8 23. fxe4 Nxe4 24. Rd3 Nbd6 25. Qc2 Qe6 26. Qxa4 Nxc4 27. Bc1 Nc3 28. Qc2 Nxe2+ 29. Kh1 Nxc1 30. Qxc1 b5 31. Qc2 Rfe8 32. Rxd8 Rxd8 33. Nf3 Qe7 34. Nh4 Ne3 35. Qe2 Qa7 36. Rc1 Qa3 37. Qe1 Nxg2 38. Nxg2 Qxa2 39. Rxc6 Rd2 40. Rc7 Qd5 41. Rxg7+ Kxg7 42. Qe7+ Qf7 43. Qe5+ Kh7 44. Nf4 g5 45. Ne2 Qd5+ 46. Qxd5 Rxd5 47. Nc3 Re5 48. Kg2 Kg6 49. Kf3 Kf7 0-1

[Event "14. Deizisauer Herbstopen 2019"]
[Site "Deizisau"]
[Date "2019.10.28"]
[Round "6.3"]
[White "Hoffmann, Achim Gunter"]
[Black "Frolik, Erhard"]
[Result "1/2-1/2"]
[ECO "B48"]
[WhiteElo "2125"]
[BlackElo "2317"]
[Annotator "NA RC"]
[PlyCount "185"]
[EventDate "2019.10.25"]
[EventType "swiss"]
[EventCountry "GER"]
[SourceTitle "playchess.com"]
[Source "ChessBase"]
[SourceQuality "1"]
[TimeControl "5400+30"]

1. e4 c5 2. Nf3 e6 3. d4 cxd4 4. Nxd4 Nc6 5. Nc3 Qc7 6. Be3 a6 7. Bd3 b5 8. O-O Bb7 9. a3 Nf6 10. Kh1 Be7 11. f4 d6 12. Qe1 O-O 13. Rf3 {[%emt 0:02:10] B48: Sicilian: Taimanov: 5 Nc3 Qc7 6 Be3 a6 without Be2} Ng4 $146 ({Predecessor:} 13... Nxd4 14. Bxd4 e5 15. Be3 exf4 16. Bxf4 Nd7 17. Qg3 Ne5 18. Bxe5 dxe5 19. Raf1 Rad8 20. Qh3 Rd6 {½-½ (31) Formanek,M (2078)-Vavra,P (2390) Moravia 2003}) 14. Nxc6 Bxc6 15. Bd4 e5 16. Bg1 exf4 17. Rxf4 Ne5 18. Qg3 Qb7 19. Bd4 Rae8 20. Rf5 Bd8 21. Raf1 Bb6 22. Bxb6 Qxb6 23. Rg5 g6 24. Rgf5 b4 25. axb4 Qxb4 26. Bxa6 Qxb2 27. R5f2 Qb6 28. Bd3 Qc5 29. Ne2 $17 Ra8 30. Nf4 Nd7 31. h4 Qe5 32. Rf3 Ra1 33. Rxa1 Qxa1+ 34. Rf1 Qe5 35. Ne2 Re8 36. Bc4 Re7 37. Qxe5 Nxe5 38. Bd5 Bxd5 39. exd5 Ng4 40. Nd4 Ne3 41. Ra1 Nxd5 42. Ra8+ Kg7 43. Rd8 Re4 44. Nf3 Ne3 45. Rxd6 Nxc2 46. Rd7 h6 47. g3 Ne3 48. Rd4 Re7 49. Kg1 Nf5 50. Rd5 Nxg3 51. Kg2 Nh5 52. Rd4 Nf6 53. Ra4 Re4 54. Ra5 Rg4+ 55. Kh3 Re4 56. Ra3 Nh5 57. Rb3 Kf6 58. Ra3 Nf4+ 59. Kg3 Ne6 60. Rd3 g5 61. hxg5+ hxg5 62. Rd7 Ra4 63. Rb7 Re4 64. Ra7 Kg6 65. Ra8 f6 66. Ra6 Nd4 67. Nh2 Kf5 68. Ra5+ Re5 69. Ra4 Re3+ 70. Kg2 Rd3 71. Ra6 Ne6 72. Nf3 Nf4+ 73. Kf2 Ng6 74. Ra2 g4 75. Ne1 Rb3 76. Nc2 Rh3 77. Ne3+ Kg5 78. Ra5+ Ne5 79. Rb5 Rh2+ 80. Ng2 Rh8 81. Ra5 Rb8 82. Ne3 Rb4 83. Rd5 Kf4 84. Ng2+ Ke4 85. Rd2 f5 86. Re2+ Kd5 87. Ne1 f4 88. Rxe5+ Kxe5 89. Nd3+ Ke4 90. Nxb4 g3+ 91. Kg2 f3+ 92. Kxg3 f2 93. Kxf2 1/2-1/2

[Event "14. Deizisauer Herbstopen 2019"]
[Site "Deizisau"]
[Date "2019.10.28"]
[Round "6.4"]
[White "Valkova, Anzhelika"]
[Black "Gustain, Marc"]
[Result "0-1"]
[ECO "D20"]
[WhiteElo "1947"]
[BlackElo "2179"]
[Annotator "NA"]
[PlyCount "86"]
[EventDate "2019.10.25"]
[EventType "swiss"]
[EventCountry "GER"]
[SourceTitle "playchess.com"]
[Source "ChessBase"]
[SourceQuality "1"]
[TimeControl "5400+30"]

1. d4 d5 2. c4 dxc4 3. e3 e5 4. Bxc4 exd4 5. exd4 Bd6 6. Nf3 Nf6 7. O-O O-O 8. Nc3 Nc6 9. h3 h6 10. a3 Bf5 {[%emt 0:00:41] D20: Queen's Gambit Accepted: 3 e3 and 3 e4} 11. b4 (11. Re1 a6 12. Be3 Qd7 13. d5 Ne5 14. Bf1 Nxf3+ 15. Qxf3 Rfe8 16. Bd4 Rxe1 17. Rxe1 Re8 18. Rxe8+ Nxe8 19. g4 {½-½ (33) Cori Tello,J (2659)-Hungaski,R (2510) Montevideo 2018}) 11... a6 12. Bb2 Qd7 13. Qd2 $146 {[%emt 0:05:33] [#]} ({Predecessor:} 13. d5 Ne5 14. Nxe5 Bxe5 15. f4 Bd6 16. g4 Bh7 17. Qf3 Rfe8 18. f5 {½-½ (35) Ristic,N (2266)-Kizov,A (2427) Bar 2006}) 13... Rad8 (13... Bxh3 $1 $17 14. Ne2 {[#]} (14. gxh3 Qxh3) 14... Qg4 $1 ) 14. Rfe1 Bxh3 15. Ne4 $1 Nxe4 16. Rxe4 Bg4 17. d5 Bxf3 18. gxf3 Qh3 19. f4 Ne7 (19... Qg4+ $19 20. Kf1 Ne7) 20. Re3 Bxf4 21. Rxh3 Bxd2 22. Rg3 Nf5 23. Rg2 g5 24. Be5 Nd6 25. Bd3 f6 26. Bd4 Rde8 27. Rd1 Bf4 28. Kf1 Kg7 29. f3 Nb5 30. Bc5 Rf7 31. Bf5 Bd6 32. Be6 Rfe7 33. Rd3 b6 $19 34. Bxd6 Nxd6 35. f4 Rd8 36. f5 Ra8 37. a4 a5 38. b5 Rd8 39. Rd4 h5 40. Rc2 Kh6 41. Kg2 g4 42. Kg3 Kg5 43. Rh2 Rxe6 0-1

[Event "14. Deizisauer Herbstopen 2019"]
[Site "Deizisau"]
[Date "2019.10.28"]
[Round "6.5"]
[White "Gheng, Dominik"]
[Black "Lehmann, Stefan"]
[Result "1-0"]
[ECO "C77"]
[WhiteElo "2068"]
[BlackElo "1999"]
[Annotator "NA"]
[PlyCount "63"]
[EventDate "2019.10.25"]
[EventType "swiss"]
[EventCountry "GER"]
[SourceTitle "playchess.com"]
[Source "ChessBase"]
[SourceQuality "1"]
[TimeControl "5400+30"]

1. e4 e5 2. Nf3 Nc6 3. Bb5 a6 4. Ba4 Nf6 5. d3 Bc5 6. O-O d6 7. c3 O-O 8. h3 {[%emt 0:01:50] C78: Ruy Lopez: Archangelsk and Möller Defences} Ba7 9. Re1 Ne7 10. Nbd2 Ng6 11. Nf1 c6 12. Ng3 d5 13. exd5 Nxd5 14. d4 exd4 15. Nxd4 {[%emt 0:00:23] [#]} Qc7 $146 ({Predecessor:} 15... Be6) 16. Bc2 Bd7 17. c4 Ndf4 18. Be3 {[%emt 0:00:48] [#]} c5 (18... Rad8 $1 $17 19. Bxg6 fxg6) 19. Ndf5 Rad8 $1 20. Qg4 Bc6 (20... Ne6 $11) 21. Bxf4 Qxf4 22. Ne7+ Kh8 23. Qxf4 Nxf4 24. Nxc6 bxc6 25. Rad1 Ne6 26. Be4 Nd4 27. Nf5 Rc8 28. Rd3 Rb8 29. Ra3 Rb6 30. Ra5 $11 g6 31. Nxd4 cxd4 32. b3 1-0

[Event "14. Deizisauer Herbstopen 2019"]
[Site "Deizisau"]
[Date "2019.10.28"]
[Round "6.6"]
[White "Meier, Marlon"]
[Black "Reimche, Vadim"]
[Result "0-1"]
[ECO "B22"]
[WhiteElo "1929"]
[BlackElo "2080"]
[Annotator "NA RC"]
[PlyCount "128"]
[EventDate "2019.10.25"]
[EventType "swiss"]
[EventCountry "GER"]
[SourceTitle "playchess.com"]
[Source "ChessBase"]
[SourceQuality "1"]
[TimeControl "5400+30"]

1. e4 c5 2. c3 Nf6 3. e5 Nd5 4. d4 cxd4 5. cxd4 Nc6 6. Nf3 d6 7. Bc4 Nb6 8. Bb5 d5 9. h3 {[%emt 0:03:17] B22: Sicilian: 2 c3} Bf5 10. Nc3 e6 11. Be3 Rc8 12. Rc1 Be7 13. O-O O-O 14. Bxc6 $146 (14. Ne1 $11 {keeps the balance.}) ({Predecessor:} 14. Be2 a6 15. a3 Na5 16. Nd2 Nac4 17. Nxc4 Nxc4 18. Bxc4 Rxc4 {0-1 (42) Rutkowski,M (2380)-Moranda,W (2533) Ustron 2008}) 14... Rxc6 15. Nd2 Nc4 16. Nxc4 Rxc4 17. f4 Bb4 18. g4 Bxc3 19. Rxc3 Be4 20. Bf2 (20. Rc1 $15) 20... Qa5 21. Qb3 (21. Rxc4 $15 dxc4 22. Qe1) 21... b5 22. a3 Qb6 23. Rfc1 h6 24. Qd1 Rfc8 25. Qd2 R8c6 26. b3 Rxc3 27. Rxc3 b4 28. Rxc6 Qxc6 29. axb4 Qa6 $15 30. Be1 Qa1 31. Qe3 Qb2 32. Bf2 Qb1+ 33. Be1 Qc2 34. Bf2 h5 35. g5 h4 36. Kh2 Kh7 37. Kg1 Kg8 38. Kh2 Kf8 39. Kg1 Ke8 40. Kh2 Kd7 41. Kg1 Kc6 42. Qe1 Qxb3 43. Qc1+ Kb7 44. b5 Qxb5 45. Be1 a5 46. Qc5 Qxc5 47. dxc5 a4 48. Bxh4 a3 49. Bf2 a2 50. Bd4 Kc6 51. Kf2 Kb5 52. Ke3 g6 53. h4 Bc2 54. Kd2 Kc4 55. Ba1 Ba4 56. Kc1 d4 57. f5 Kxc5 58. fxg6 fxg6 59. h5 gxh5 60. g6 Be8 61. g7 Bf7 62. Kd2 Kd5 63. Kd3 h4 64. Bxd4 h3 0-1

[Event "14. Deizisauer Herbstopen 2019"]
[Site "Deizisau"]
[Date "2019.10.28"]
[Round "6.7"]
[White "Doering, Stefan"]
[Black "Trettin, Ulrich"]
[Result "1-0"]
[ECO "B32"]
[WhiteElo "2025"]
[BlackElo "2031"]
[Annotator "NA RC"]
[PlyCount "79"]
[EventDate "2019.10.25"]
[EventType "swiss"]
[EventCountry "GER"]
[SourceTitle "playchess.com"]
[Source "ChessBase"]
[SourceQuality "1"]
[TimeControl "5400+30"]

1. e4 c5 2. Nf3 Nc6 3. d4 cxd4 4. Nxd4 Qb6 5. Nb3 Nf6 6. Nc3 e6 7. Be3 Qc7 8. Bd3 Bb4 {[%emt 0:01:59] B33: Sicilian: Pelikan and Sveshnikov Variations} (8... a6 9. f4 d6 10. Qf3 Be7 11. g4 b5 12. g5 Nd7 13. O-O-O Nb4 14. Kb1 Bb7 15. Rhg1 O-O 16. Rg3 Nxd3 17. cxd3 f5 18. gxf6 Bxf6 19. Qg4 Rae8 20. Rc1 Qd8 21. Rh3 {0-1 (54) Yu,Y (2739)-Korobov,A (2687) Hengshui 2019}) 9. Bd2 O-O 10. a3 Bxc3 $146 ({Predecessor:} 10... Be7 11. f4 d6 12. Qf3 a5 13. a4 Nd7 14. Nb5 Qd8 15. Qh3 Nc5 16. Nxc5 dxc5 17. e5 {1-0 (43) Zlydneva,E (1664)-Tletseri,J Nebug 2013}) 11. Bxc3 Ne5 12. Qe2 d5 13. O-O dxe4 14. Bxe4 Ng6 (14... Neg4 $11 {remains equal.} 15. g3 Nxe4 16. Qxe4 e5) 15. Bxg6 hxg6 16. Be5 Qc6 17. Rad1 b6 18. Bxf6 (18. Nd4 $14 Qe4 19. Qxe4 Nxe4 20. Rfe1) 18... gxf6 19. Nd4 Qd5 20. c4 Qe5 21. Qxe5 fxe5 22. Nf3 f6 23. Rd6 Rf7 24. Rfd1 Rc7 25. b3 Kf7 26. Rd8 e4 27. Ne1 f5 (27... Re7 $11) 28. f3 Kf6 29. fxe4 fxe4 30. Rf8+ Rf7 31. Rxf7+ Kxf7 32. Rd8 Kf6 33. Kf2 Bb7 34. Rxa8 Bxa8 35. Ke3 Ke5 36. Nc2 a5 37. Nd4 Kd6 38. h4 Bb7 $18 39. g4 Bc8 40. Kxe4 1-0

[Event "14. Deizisauer Herbstopen 2019"]
[Site "Deizisau"]
[Date "2019.10.28"]
[Round "6.9"]
[White "Kraft, Julian"]
[Black "Coellen, Florian"]
[Result "1/2-1/2"]
[ECO "A15"]
[WhiteElo "2062"]
[BlackElo "1873"]
[Annotator "NA"]
[PlyCount "115"]
[EventDate "2019.10.25"]
[EventType "swiss"]
[EventCountry "GER"]
[SourceTitle "playchess.com"]
[Source "ChessBase"]
[SourceQuality "1"]
[TimeControl "5400+30"]

1. c4 Nf6 2. g3 e6 3. Nf3 d5 4. b3 Be7 5. Bb2 O-O 6. Bg2 c5 7. cxd5 exd5 8. d4 b6 9. O-O Bb7 10. Ne5 Nbd7 11. Nxd7 Qxd7 12. Nc3 Rfd8 {[%emt 0:04:42] A14: English Opening: 1...e6 with b3 by White} (12... Rfe8 13. Rc1 Rac8 14. e3 c4 15. bxc4 Rxc4 16. Re1 a6 17. Bf1 Rc6 18. Qb3 b5 19. Ba3 Rec8 20. Bxe7 Qxe7 21. a3 Ne4 22. Nxd5 Qe6 23. Rxc6 Bxc6 24. Bh3 Qxh3 25. Ne7+ Kf8 26. Nxc8 Nc5 {0-1 (26) Sherman,D (2010)-Sinha,S (2250) Philadelphia 2018}) 13. Rc1 Rac8 14. Rc2 $146 ({Predecessor:} 14. dxc5 bxc5 15. Qd3 Qe6 16. Qb5 Ba6 17. Qa5 d4 18. Nb5 Qb6 19. Qxb6 axb6 20. a4 {½-½ (62) Pribila,G (2076)-Slamena,M (1991) Slovakia 2013}) 14... Qf5 15. Ba3 Ne4 16. Nxe4 dxe4 17. Rd2 Bg5 18. e3 Ba6 19. Re1 Bd3 20. f3 Re8 $2 (20... cxd4 $19 21. fxe4 dxe3 22. exf5 exd2) 21. Rf2 Qe6 22. dxc5 bxc5 23. h4 Bf6 24. Kh2 Bc3 25. Bh3 $17 Qc6 26. Bxc8 Bxe1 27. Qxe1 Rxc8 28. fxe4 Qxe4 29. Rf4 Qe6 30. Bb2 f6 31. Qc1 c4 32. bxc4 Rxc4 33. Rxc4 Qxc4 34. Qxc4+ Bxc4 35. a3 Kf7 36. Kg2 Bd5+ 37. Kf2 h5 38. Bd4 a5 39. Bb6 a4 40. Bd8 g6 41. Ke2 Ke6 42. Kd3 f5 43. Kd4 Be4 44. Ba5 Bc2 45. Kc5 Be4 46. Bc7 Bd5 47. Bf4 Be4 48. Kb5 Bc2 49. Kc6 Be4+ 50. Kc7 Bc2 51. Kd8 Kf7 52. Kd7 Bb1 53. Bg5 Be4 54. Kd6 Bb1 55. Bd8 Bc2 56. Ke5 Be4 57. Kf4 Bb1 58. Kg5 1/2-1/2

[Event "14. Deizisauer Herbstopen 2019"]
[Site "Deizisau"]
[Date "2019.10.28"]
[Round "7.3"]
[White "Frolik, Erhard"]
[Black "Gheng, Josef"]
[Result "1/2-1/2"]
[ECO "B01"]
[WhiteElo "2317"]
[BlackElo "2190"]
[Annotator "RC"]
[PlyCount "181"]
[EventDate "2019.10.25"]
[EventType "swiss"]
[EventCountry "GER"]
[SourceTitle "playchess.com"]
[Source "ChessBase"]
[SourceQuality "1"]
[TimeControl "5400+30"]

1. e4 d5 2. exd5 Nf6 3. d4 Qxd5 4. Nc3 Qd6 5. Nf3 Bg4 6. h3 Bh5 7. g4 Bg6 8. Ne5 c6 9. Bg2 Nbd7 10. f4 e6 11. Be3 Nd5 12. Nxd5 cxd5 13. O-O Be4 14. Bxe4 dxe4 15. c4 f6 16. Nxd7 Qxd7 17. d5 exd5 18. Qxd5 Qxd5 19. cxd5 Kd7 20. Rac1 Bd6 21. Rc4 Rhe8 22. f5 b5 23. Rc2 Rac8 24. Rfc1 Rxc2 25. Rxc2 Re5 26. Rd2 a5 27. Kf2 h5 28. Bd4 Re8 29. Ke3 hxg4 30. hxg4 Bg3 31. Rc2 Kd6 32. Rc6+ Kxd5 33. Rc5+ Kd6 34. Rxb5 Bh4 35. Rxa5 Bg5+ 36. Ke2 Rh8 37. Bc5+ Kc6 38. b4 Rh2+ 39. Kf1 Bf4 40. a4 Ra2 41. Ra7 e3 42. Re7 Rxa4 43. Bxe3 Rxb4 44. Ke2 Bxe3 45. Kxe3 Rxg4 46. Kf3 Rg1 47. Kf2 Rg5 48. Ke3 Kd5 49. Kf4 Rg1 50. Rd7+ Kc6 51. Rd8 Ra1 52. Kg4 Kc7 53. Rd4 Rg1+ 54. Kf4 Rh1 55. Kg4 Rh8 56. Rd2 Rd8 57. Re2 Rd1 58. Kf4 Kd8 59. Kg4 Rd5 60. Kf4 Rd7 61. Re3 Re7 62. Ra3 Ke8 63. Ra8+ Kf7 64. Ra3 Kg8 65. Ra8+ Kh7 66. Ra1 Rb7 67. Rh1+ Kg8 68. Rg1 Rb2 69. Kf3 Rh2 70. Rg3 Kh7 71. Rg6 Rh5 72. Kf4 Kg8 73. Rg1 Kf7 74. Rg2 Rh4+ 75. Kf3 Rh1 76. Kf4 Rf1+ 77. Ke4 Kg8 78. Rg3 Kf8 79. Rg2 Kf7 80. Rg3 Ra1 81. Rg2 Kg8 82. Kf4 Ra4+ 83. Kf3 Rh4 84. Rg1 Kf7 85. Rg2 Rh7 86. Rg1 Ke7 87. Kf4 Kd6 88. Rd1+ Kc5 89. Rg1 Kc4 90. Ke4 Kc3 91. Ke3 1/2-1/2

[Event "14. Deizisauer Herbstopen 2019"]
[Site "Deizisau"]
[Date "2019.10.28"]
[Round "7.4"]
[White "Reimche, Vadim"]
[Black "Gheng, Dominik"]
[Result "0-1"]
[ECO "D58"]
[WhiteElo "2080"]
[BlackElo "2068"]
[Annotator "NA RC"]
[PlyCount "92"]
[EventDate "2019.10.25"]
[EventType "swiss"]
[EventCountry "GER"]
[SourceTitle "playchess.com"]
[Source "ChessBase"]
[SourceQuality "1"]
[TimeControl "5400+30"]

1. d4 d5 2. c4 e6 3. Nc3 Nf6 4. Bg5 Be7 5. e3 h6 6. Bh4 O-O 7. Nf3 b6 8. cxd5 exd5 9. Ne5 Bb7 10. Bd3 Nbd7 11. Nxd7 Qxd7 12. Rc1 Ne4 13. Bxe7 Qxe7 14. O-O Rac8 15. Qe2 Rfd8 16. f3 Nxc3 17. Rxc3 c5 18. Rfc1 Rc6 19. dxc5 bxc5 20. Bb5 Rc7 21. b4 c4 22. Qb2 Rb8 23. a3 Bc8 24. Ba4 a5 25. b5 Qc5 26. Qd2 Bd7 27. Rd3 cxd3 28. Rxc5 Rxc5 29. Qxd3 Bxb5 30. Qd4 Rc1+ 31. Kf2 Bc4 32. Kg3 Rcb1 33. Qa7 R1b2 34. Qxa5 Bf1 35. Qxd5 Rxg2+ 36. Kf4 Rxh2 37. Bb3 g5+ 38. Kg4 h5+ 39. Kxg5 Rb5 40. Kf6 Rxd5 41. Bxd5 h4 42. Bxf7+ Kf8 43. e4 h3 44. e5 Re2 45. f4 h2 46. Bd5 Bg2 0-1

[Event "14. Deizisauer Herbstopen 2019"]
[Site "Deizisau"]
[Date "2019.10.28"]
[Round "7.7"]
[White "Weissenberger, Mario"]
[Black "Neiwert, Nick"]
[Result "1-0"]
[ECO "B94"]
[WhiteElo "2026"]
[BlackElo "1914"]
[Annotator "NA"]
[PlyCount "33"]
[EventDate "2019.10.25"]
[EventType "swiss"]
[EventCountry "GER"]
[SourceTitle "playchess.com"]
[Source "ChessBase"]
[SourceQuality "1"]
[TimeControl "5400+30"]

1. e4 c5 2. Nf3 d6 3. d4 cxd4 4. Nxd4 Nf6 5. Nc3 a6 6. Bg5 Nbd7 7. Bc4 e6 8. Qe2 Nc5 9. O-O-O b5 10. Bd5 Bb7 11. Bxb7 Nxb7 12. e5 h6 13. Bh4 g5 14. exf6 Qxf6 15. Bg3 O-O-O 16. h4 Bg7 17. Ne4 1-0

[Event "14. Deizisauer Herbstopen 2019"]
[Site "Deizisau"]
[Date "2019.10.28"]
[Round "7.8"]
[White "Bueble, Joschua"]
[Black "Kraft, Julian"]
[Result "1/2-1/2"]
[ECO "A40"]
[WhiteElo "1720"]
[BlackElo "2062"]
[Annotator "NA"]
[PlyCount "29"]
[EventDate "2019.10.25"]
[EventType "swiss"]
[EventCountry "GER"]
[SourceTitle "playchess.com"]
[Source "ChessBase"]
[SourceQuality "1"]
[TimeControl "5400+30"]

1. d4 e6 2. e4 b6 3. c4 Bb7 4. Bd3 f5 5. exf5 Bb4+ 6. Kf1 Nf6 7. Nf3 O-O 8. a3 Be7 9. Nbd2 a5 10. Qc2 exf5 11. Bxf5 d5 12. Be6+ Kh8 13. Ne5 Nbd7 14. Nf7+ Rxf7 15. Bxf7 1/2-1/2

[Event "14. Deizisauer Herbstopen 2019"]
[Site "Deizisau"]
[Date "2019.10.28"]
[Round "7.9"]
[White "Gabriel, Josef"]
[Black "Valkova, Anzhelika"]
[Result "0-1"]
[ECO "C00"]
[WhiteElo "2089"]
[BlackElo "1947"]
[Annotator "NA RC"]
[PlyCount "86"]
[EventDate "2019.10.25"]
[EventType "swiss"]
[EventCountry "GER"]
[SourceTitle "playchess.com"]
[Source "ChessBase"]
[SourceQuality "1"]
[TimeControl "5400+30"]

1. e4 e6 2. d3 d5 3. Nd2 c5 4. Ngf3 Nc6 5. g3 g6 6. Bg2 Bg7 7. O-O Nge7 8. h4 O-O 9. Re1 Qc7 10. h5 b5 11. hxg6 fxg6 12. Ng5 Bd4 13. Ngf3 Qxg3 14. Qe2 Qc7 15. e5 c4 16. dxc4 bxc4 17. Nxd4 Nxd4 18. Qd1 Nec6 19. c3 Nf5 20. Nf3 Rb8 21. Rb1 Qa5 22. a3 Rb3 23. Bg5 Qb6 24. Qd2 Na5 25. Bf6 Nb7 26. Bh3 Nbd6 27. Bxf5 Nxf5 28. Kg2 Bb7 29. Nd4 Nxd4 30. cxd4 Rf7 31. Re3 Rd7 32. Rxb3 Qxb3 33. Rc1 Qd3 34. Qc3 Qe4+ 35. f3 Qf4 36. Rh1 h5 37. Rh4 Qf5 38. Qb4 Qc2+ 39. Kh3 Qb3 40. Qxb3 cxb3 41. Bg5 Rc7 42. Bd2 Rc2 43. Bc3 Rxc3 0-1